 Seeded DCSS version 0.28.0-47-ge53b351184 (webtiles) character file.

Game seed: 5595268494241457960 (custom seed)

2460 NinjaNoafa the Gusty (level 9, -4/62 HPs)
             Began as a Black Draconian Air Elementalist on May 10, 2022.
             Was an Initiate of Sif Muna.
             Killed by the air
             ... invoked by Gastronok
              (22 damage)
             ... on level 8 of the Dungeon.
             The game lasted 00:20:33 (8853 turns).

NinjaNoafa the Gusty (DrAE)                         Turns: 8853, Time: 00:20:35

Health: -4/62      AC:  9    Str: 10    XL:     9   Next: 26%
Magic:  0/19       EV: 12    Int: 27    God:    Sif Muna [......]
Gold:   260        SH:  3    Dex: 11    Spells: 13/22 levels left

rFire   . . .      SeeInvis .   e - +5 short sword
rCold   . . .      Faith    .   s - +0 buckler
rNeg    . . .      Spirit   +   (armour unavailable)
rPois   .          Reflect  .   (helmet restricted)
rElec   +          Harm     .   (no cloak)
rCorr   .          Rampage  .   w - +0 pair of gloves
Will    .....                   t - +0 pair of boots
Stlth   ++........              p - amulet of guardian spirit
HPRegen 0.20/turn               b - +6 ring of intelligence
MPRegen 0.16/turn               (no ring)

@: mighty, short of breath, slowed, studying Shields, very slow
A: breathe lightning, AC +7, unfitting armour, electricity resistance,
cold-blooded
a: Breathe Lightning, Renounce Religion


You were on level 8 of the Dungeon.
You worshipped Sif Muna.
Sif Muna was noncommittal.
You visited 2 branches of the dungeon, and saw 9 of its levels.

You collected 354 gold pieces.
You spent 94 gold pieces at shops.

Inventory:

Hand Weapons
 e - a +5 short sword (weapon)
Missiles
 c - 17 poisoned darts
 g - a throwing net
 l - 170 stones
 n - 5 silver boomerangs
Armour
 s - a +0 buckler (worn)
 t - a +0 pair of boots (worn)
 w - a +0 pair of gloves (worn)
Jewellery
 b - a +6 ring of intelligence (left hand)
 p - an amulet of guardian spirit (around neck)
Wands
 h - a wand of flame (11)
 i - a wand of mindburst (7)
 j - a wand of digging (6)
 r - a wand of iceblast (3)
Scrolls
 f - 2 scrolls of blinking
 k - 3 scrolls of vulnerability
 m - 2 scrolls of amnesia
 o - 2 scrolls of torment
Potions
 q - a potion of curing


   Skills:
 - Level 3.0 Dodging
 - Level 1.7 Stealth
 - Level 7.0 Spellcasting
 - Level 4.0 Conjurations
 - Level 4.0 Necromancy
 - Level 7.0 Air Magic
 - Level 4.0 Poison Magic
 - Level 1.0 Invocations
 + Level 4.0 Evocations


You had 13 spell levels left.
You knew the following spells:

 Your Spells              Type           Power      Damage    Failure   Level
a - Shock                 Conj/Air       100%       1d9       1%          1
b - Magic Dart            Conj           100%       1d8       1%          1
c - Static Discharge      Conj/Air       39%        N/A       1%          2
d - Swiftness             Air            47%        N/A       1%          3
e - Animate Skeleton      Necr           62%        N/A       1%          1
f - Pain                  Necr           100%       1d9       1%          1

Your spell library contained the following spells:

 Spells                   Type           Power      Damage    Failure   Level
 Searing Ray              Conj           62%        2d6       2%          2
 Mephitic Cloud           Conj/Pois/Air  36%        N/A       3%          3
 Vampiric Draining        Necr           31%        2d8       4%          3
 Airstrike                Air            23%        N/A       4%          4
 Summon Small Mammal      Summ           36%        N/A       8%          1
 Call Imp                 Summ           9%         N/A       12%         2
 Call Canine Familiar     Summ           9%         N/A       24%         3
 Confusing Touch          Hex            9%         N/A       24%         3
 Gell's Gravitas          Tloc           9%         N/A       24%         3
 Lesser Beckoning         Tloc           9%         N/A       24%         3
 Summon Guardian Golem    Hex/Summ       9%         N/A       24%         3
 Teleport Other           Tloc           9%         N/A       24%         3
 Fulminant Prism          Conj/Hex       10%        3d9       34%         4
 Lee's Rapid Deconstruct  Erth           4%         3d6*      91%         5
 Summon Mana Viper        Hex/Summ       9%         N/A       91%         5


Dungeon Overview and Level Annotations

Branches:
Dungeon (8/15)             Temple (1/1) D:6
   Lair: D:8-11

Altars:
Cheibriados
Dithmenos
Elyvilon
Fedhas
Gozag
Hepliaklqana
Kikubaaqudgha
Makhleb
Nemelex Xobeh
Okawaru
Qazlal
Ru
Sif Muna
Wu Jian
Xom
Yredelemnul
Zin

Shops:
D:6 !   D:7 [

Annotations:
D:8 Gastronok


Innate Abilities, Weirdness & Mutations

You can breathe wild blasts of lightning.
Your glossy black scales are hard. (AC +7)
You cannot fit into any form of body armour.
You are resistant to electric shocks. (rElec)
You are cold-blooded and may be slowed by cold attacks.


Message History

Confirm with . or Enter, or press ? or * to list all spells.
Aiming: Magic Dart (safe; 1% risk of failure)
Press: ? - help, Shift-Dir - straight line, f/p - Gastronok
Aim: Gastronok, wearing a +1 hat of see invisible (almost dead, 100% to hit)
The magic dart hits Gastronok.
Gastronok is almost dead.
The river rat bites you!
Okay, then.
Activating: Breathe Lightning (4% risk of failure)
Press: ? - help, Dir - look around, f - activate You breathe a wild blast of lightning!
The orb of electricity explodes!
The orb of electricity engulfs you. You resist.
* * * LOW HITPOINT WARNING * * *
The orb of electricity engulfs the river rat!!!
You kill the river rat!
The river rat's corpse disappears in a puff of smoke!
The orb of electricity engulfs the river rat!!
You kill the river rat!
The river rat's corpse disappears in a puff of smoke!
You hear a mighty clap of thunder!
The bolt of lightning misses you.
You hear a clap of thunder!
You hear a shout! x2; You hear a howl!
You hear a shout! x7
Casting: Magic Dart (safe; 1% risk of failure)
Confirm with . or Enter, or press ? or * to list all spells.
Aiming: Magic Dart (safe; 1% risk of failure)
Press: ? - help, Shift-Dir - straight line, f - Gastronok
Aim: Gastronok, wearing a +1 hat of see invisible (almost dead, 100% to hit)
The magic dart hits Gastronok.
Gastronok is almost dead.
Casting: Magic Dart (safe; 1% risk of failure)
Confirm with . or Enter, or press ? or * to list all spells.
Aiming: Magic Dart (safe; 1% risk of failure)
Press: ? - help, Shift-Dir - straight line, f/p - Gastronok
Aim: Gastronok, wearing a +1 hat of see invisible (almost dead, 100% to hit)
The magic dart hits Gastronok.
Gastronok is almost dead.
Gastronok waves his eye-stalks in wide circles.
The air twists around and strikes you!!
You die...

..... . .... .
... .... .##
.... ..###..
#.. ...... ...
#...# ##.##..#
###....@######.
........#......
.......w..##.#
###..##......##
#.# #.##.....
##.###.##.....
#.>........#..
#.#.##..#.## .
##...##....##


You could see Gastronok.

Vanquished Creatures
  Maggie (D:7)
  3 ice beasts (D:7)
  A black bear (D:6)
  2 sky beasts
  2 necrophages
  3 ogres
  A phantom (D:5)
  A kobold brigand (D:6)
  A scorpion (D:5)
  A water moccasin zombie (D:6)
  A water moccasin skeleton (D:4)
  2 howler monkeys (D:7)
  3 centaur zombies
  3 jellies
  An orc priest (D:5)
  7 hounds
  A gnoll shaman (D:5)
  2 centaur skeletons (D:6)
  A hound skeleton (D:5)
  10 gnolls
  A howler monkey skeleton (D:4)
  7 adders
  A shadow imp (D:6)
  An ufetubus (D:5)
  An adder skeleton (D:4)
  A worm (D:3)
  2 dart slugs
  6 orcs
  5 endoplasms
  3 giant cockroaches
  7 goblins
  10 hobgoblins
  9 jackals
  7 kobolds
  4 quokkas
  4 ball pythons
  4 bats
  A frilled lizard (D:1)
  A rat (D:1)
122 creatures vanquished.

Vanquished Creatures (collateral kills)
  An iguana (D:6)
  A gnoll (D:7)
2 creatures vanquished.

Grand Total: 124 creatures vanquished

Notes
Turn   | Place    | Note
-------+----------+-------------------------------------------
     0 | D:1      | NinjaNoafa the Draconian Air Elementalist began the quest
                  | for the Orb.
     0 | D:1      | Reached XP level 1. HP: 14/14 MP: 3/3
   302 | D:1      | Reached XP level 2. HP: 20/20 MP: 3/5
  1182 | D:2      | Reached XP level 3. HP: 26/26 MP: 3/6
  2250 | D:3      | Reached XP level 4. HP: 33/33 MP: 4/7
  2252 | D:3      | Learned a level 1 spell: Magic Dart
  2255 | D:3      | Learned a level 2 spell: Static Discharge
  3084 | D:3      | Found an opulent altar of Gozag.
  3141 | D:4      | Noticed an ogre
  3499 | D:3      | Killed an ogre
  3500 | D:3      | Reached XP level 5. HP: 38/38 MP: 4/9
  3683 | D:4      | Reached XP level 6. HP: 36/45 MP: 3/10
  4192 | D:4      | Noticed a sky beast
  4201 | D:4      | Killed a sky beast
  4411 | D:4      | Reached skill level 5 in Air Magic
  4486 | D:4      | Your scales start taking on a glossy black colour.
  4486 | D:4      | Reached XP level 7. HP: 50/50 MP: 8/12
  4486 | D:4      | Gained mutation: You are resistant to electric shocks.
                  | (rElec) [Black Draconian growth]
  4737 | D:5      | Entered Level 5 of the Dungeon
  5051 | D:5      | Reached skill level 5 in Spellcasting
  5055 | D:5      | Learned a level 3 spell: Swiftness
  5158 | D:5      | Reached skill level 1 in Necromancy
  5158 | D:5      | Reached skill level 1 in Evocations
  5267 | D:5      | Learned a level 1 spell: Animate Skeleton
  5269 | D:5      | Learned a level 1 spell: Pain
  5726 | D:5      | Reached skill level 1 in Poison Magic
  5726 | D:5      | Reached XP level 8. HP: 53/57 MP: 10/15
  6080 | D:6      | Found a staircase to the Ecumenical Temple.
  6188 | Temple   | Entered the Ecumenical Temple
  6347 | Temple   | Became a worshipper of Sif Muna the Loreminder
  6375 | D:6      | Found Fiutumn's Distillery.
  6641 | D:6      | Got Botic's Compendium of Earthen Beguiling
  7198 | D:6      | Found a snail-covered altar of Cheibriados.
  7752 | D:7      | Found Wualiy's Antique Armour Boutique.
  7760 | D:7      | Bought a pair of gloves for 94 gold pieces
  7774 | D:7      | Noticed Maggie
  7801 | D:7      | Killed Maggie
  7802 | D:7      | Reached XP level 9. HP: 62/62 MP: 3/18
  8196 | D:7      | Found a large runed translucent door.
  8197 | D:7      | Found a large runed translucent door.
  8593 | D:7      | Reached skill level 1 in Invocations
  8763 | D:7      | Found a blossoming altar of Fedhas.
  8766 | D:7      | Found an ornate altar of the Wu Jian Council.
  8798 | D:8      | Noticed Gastronok
  8853 | D:8      | Killed from afar by Gastronok

Illustrated notes

Levels and vault maps discovered:
D:1:      dpeg_arrival_windows_large_door, layout_basic
D:2:      cheibrodos_greedy_goblins, layout_basic
D:3:      layout_rooms, lemuel_doored_altar
D:4:      layout_loops_ring, minivault_23, minmay_manual_monolith
D:5:      layout_gridville
D:6:      layout_cave_pools, kennysheep_little_box,
          minmay_temple_entry_drinking_statues, serial_shops,
          nicolae_shop_stone, grunt_ministairs_7, minmay_pentangle
D:7:      layout_basic, jmf_multi_god_temple2, serial_shops, shop, uniq_maggie
D:8:      layout_rooms, vehumet_statue, kennysheep_mini, uniq_gastronok,
          uniq_pikel
Temple:   dshaligram_water_room_temple

Skill      XL: |  1  2  3  4  5  6  7  8  9 |
---------------+----------------------------+-----
Dodging        | 2 3 |  3.0
Conjurations   | 2 3 4 |  4.0
Spellcasting   | 3 5 6 7 |  7.0
Air Magic      | 4 6 7 |  7.0
Necromancy     | 2 4 |  4.0
Evocations     | 2 4 |  4.0
Poison Magic   | 1 4 |  4.0
Invocations    | 1 |  1.0
Stealth        | |  1.7

Action                   |  1- 3 |  4- 6 |  7- 9 || total
-------------------------+-------+-------+-------++-------
Melee: Unarmed           |     4 |       |       ||     4
       Punch             |     2 |     2 |     2 ||     6
       Dagger            |    10 |    14 |       ||    24
       Tailslap          |     1 |     6 |    15 ||    22
       Spear             |       |    15 |     1 ||    16
       Short sword       |       |       |   112 ||   112
 Cast: Shock             |    63 |    50 |    57 ||   170
       Magic Dart        |       |    19 |    61 ||    80
       Static Discharge  |       |    11 |    19 ||    30
       Pain              |       |       |    23 ||    23
       Animate Skeleton  |       |       |     6 ||     6
       Swiftness         |       |       |     3 ||     3
 Abil: Breathe Lightning |       |       |     8 ||     8
Evoke: Wand              |       |       |     5 ||     5
  Use: Scroll            |       |     8 |     4 ||    12
       Potion            |       |     4 |     9 ||    13
Armor: Skin              |    12 |    16 |    94 ||   122
Dodge: Dodged            |    14 |    35 |   151 ||   200
